 Dungeon Crawl Stone Soup version 0.31-a0-210-gccc998df9b (webtiles) character file.

Game seed: 1080641484613339233

126 pokeman the Magician (level 4, -5/25 HPs)
             Began as a Deep Elf Hedge Wizard on June 30, 2023.
             Shot with an arrow by a centaur (6 damage)
             ... on level 3 of the Dungeon.
             The game lasted 00:04:45 (2887 turns).

pokeman the Magician (Deep Elf Hedge Wizard)        Turns: 2887, Time: 00:04:46

Health: -5/25      AC:  2    Str:  7    XL:     4   Next: 84%
Magic:  3/13       EV: 13    Int: 21    God:
Gold:   42         SH:  0    Dex: 14    Spells: 3/14 levels left

rFire   . . .        a - +0 dagger
rCold   . . .        (no shield)
rNeg    . . .        b - +0 robe
rPois   .            c - +0 hat
rElec   .            (no cloak)
rCorr   .            (no gloves)
SInv    .            (no boots)
Will    .....        (no amulet)
Stlth   ++           (no ring)
HPRegen 0.24/turn    (no ring)
MPRegen 0.13/turn

%: no passive effects
@: no status effects
A: no striking features
a: no special abilities


You were on level 3 of the Dungeon.
You visited 1 branch of the dungeon, and saw 3 of its levels.

You collected 100 gold pieces.
You spent 58 gold pieces at shops.

Inventory:

Hand Weapons
 a - a +0 dagger (weapon)
Armour
 b - a +0 robe (worn)
 c - a +0 hat (worn)
 m - a scarf of harm
Wands
 i - a wand of roots (11)
 p - a wand of acid (11)
Scrolls
 f - a scroll of identify {unknown}
 g - a scroll of immolation {unknown}
 j - 2 scrolls of blinking {unknown}
 k - a scroll of noise {unknown}
 l - a scroll of enchant armour {unknown}
 n - a scroll of summoning {unknown}
 q - a scroll of teleportation {unknown}
Potions
 d - a potion of magic
 e - 2 potions of resistance {unknown}
 h - a potion of heal wounds {unknown}
 o - a potion of curing {unknown}


   Skills:
 - Level 1.0 Fighting
 - Level 1.0 Armour
 + Level 2.9 Dodging
 + Level 3.0 Stealth
 * Level 5.9 Spellcasting
 + Level 2.4 Conjurations
 - Level 1.1 Summonings
 - Level 1.1 Translocations


You had 3 spell levels left.
You knew the following spells:

 Your Spells              Type           Power      Damage    Failure   Level
a - Magic Dart            Conj           64%        1d6       3%          1
b - Mephitic Cloud        Conj/Pois/Air  9%         N/A       22%         3
c - Call Imp              Summ           20%        N/A       10%         2
d - Blink                 Tloc           20%        N/A       10%         2
e - Stone Arrow           Conj/Erth      22%        3d8       19%         3

Your spell library contained the following spells:

 Spells                   Type           Power      Damage    Failure   Level
 Sandblast                Erth           12%        2d6       10%         1
 Slow                     Hex            24%        N/A       10%         1
 Cigotuvi's Dreadful Rot  Necr/Pois/Air  12%        N/A       16%         2
 Passwall                 Tmut/Erth      5%         N/A       16%         2


Dungeon Overview and Level Annotations

Branches:
Dungeon (3/15)

Altars:

Shops:
D:2 [   D:3 (*


Message History

The centaur is engulfed in noxious fumes.
You feel less confused.
The centaur mumbles something.
The centaur hits the kobold.
The centaur kicks the kobold but does no damage.
The kobold rages.
The centaur closely misses you. The centaur misses you.
The centaur closely misses you. x2
The centaur misses you. The centaur kicks you.
* * * LOW HITPOINT WARNING * * *
Casting: Mephitic Cloud (extremely dangerous; 22% risk of failure)
Confirm with . or Enter, or press ? or * to list all spells.
A tiny devil pulls itself out of the air.
You hear a shout!
The centaur closely misses you. The centaur kicks you.
* * * LOW HITPOINT WARNING * * *
Unknown command.
You swap places.
Your cerulean imp hits the centaur but does no damage.
The centaur gestures wildly.
You hear a shout!
Your cerulean imp hits the centaur but does no damage.
You hear a shout!
The centaur wields a +0 shortbow.
The centaur shoots an arrow.
The arrow hits your cerulean imp!
The centaur shoots an arrow.
The arrow barely misses your cerulean imp.
The arrow closely misses you.
You hear a shout!
The centaur shoots an arrow.
The arrow closely misses your cerulean imp.
The arrow closely misses you.
The centaur shoots an arrow.
The arrow completely misses your cerulean imp.
The arrow hits you!
* * * LOW HITPOINT WARNING * * *
Unknown command.
The centaur shoots an arrow.
The arrow closely misses your cerulean imp.
The arrow hits you.
You die...

#.# #..#.# #.# #.# ##...####.# .
#.# #..##....# .. #.# #..#..##.#
..#### #.# ##.##.###.#
.....#########.# #..##.# #.#
...K.........#)#####.....# #.#
..##.#######....#.....#### #.####
.. #.##### ###..@...#.# ####.##..
#. #c.c..# ##5.^...#.###....##..
#. #####.####..#..#.#<..#.#####..
#.######......#...#.###.#.# #..
#.#.......c.###.#>...#....#####..
#...#######.....##.#.............
##.##########.........#####......
)..# #.........##..<#######......
##.###..)........................


You could see a centaur and a friendly cerulean imp (summoned).

Vanquished Creatures
  Jessica (D:3)
  3 adders (D:3)
  3 worms
  3 dart slugs
  An orc (D:3)
  6 ball pythons
  4 endoplasms
  3 giant cockroaches
  4 goblins
  4 hobgoblins
  4 jackals (D:2)
  6 kobolds
  2 quokkas
  2 bats
  3 frilled lizards (D:1)
  6 rats
55 creatures vanquished.

Notes
Turn   | Place    | Note
-------+----------+-------------------------------------------
     0 | D:1      | pokeman the Deep Elf Hedge Wizard began the quest for the
                  | Orb.
     0 | D:1      | Reached XP level 1. HP: 10/10 MP: 7/7
   273 | D:1      | Reached XP level 2. HP: 16/16 MP: 6/9
   672 | D:1      | Reached skill level 5 in Spellcasting
   991 | D:1      | Reached XP level 3. HP: 20/20 MP: 9/11
   995 | D:1      | Learned a level 3 spell: Mephitic Cloud
   998 | D:1      | Learned a level 2 spell: Call Imp
  1001 | D:1      | Learned a level 2 spell: Blink
  1005 | D:1      | Learned a level 3 spell: Stone Arrow
  1366 | D:2      | Found a faded altar of an unknown god.
  1480 | D:2      | Found Syqa's Antique Armour Boutique.
  1600 | D:2      | Reached skill level 1 in Armour
  1806 | D:1      | Reached skill level 1 in Fighting
  1999 | D:2      | Identified the +2 spear of Victory {heavy, rElec rC- Dex+4}
  2251 | D:3      | Found Xotaq's Assorted Antiques.
  2269 | D:3      | Bought a scroll labelled OGUREL KUXU for 31 gold pieces
  2269 | D:3      | Bought a brown potion for 27 gold pieces
  2298 | D:3      | Noticed Jessica
  2305 | D:3      | Killed Jessica
  2306 | D:3      | Reached XP level 4. HP: 17/25 MP: 4/13
  2724 | D:3      | Found Meproem's Weapon Emporium.
  2864 | D:3      | Noticed a centaur
  2886 | D:3      | HP: 1/25 [centaur/arrow (7)]
  2887 | D:3      | Shot with an arrow by a centaur

Illustrated notes

Levels and vault maps discovered:
D:1:      spicycebolla_arrival_clurvy, layout_basic, kennysheep_small_spiral
D:2:      layout_rooms, hellmonk_ecumenical_altar_prayer_group, serial_shops,
          shop, minmay_tripent
D:3:      layout_rooms, serial_shops, nicolae_diamond_shop, shop, shop,
          shop_fountains, uniq_jessica

Skill      XL: |  1  2  3  4 |
---------------+-------------+-----
Spellcasting   | 5 |  5.9
Armour         | 1 |  1.0
Fighting       | 1 |  1.0
Conjurations   | 2 |  2.4
Stealth        | 3 |  3.0
Dodging        | |  2.9
Summonings     | |  1.1
Translocations | |  1.1

Action                     |  1- 3 |  4- 6 || total
---------------------------+-------+-------++-------
  Melee: Dagger            |    27 |     1 ||    28
   Cast: Magic Dart        |   112 |    41 ||   153
         Mephitic Cloud    |     3 |     1 ||     4
         Call Imp          |     2 |     1 ||     3
   Stab: Confused          |     2 |       ||     2
 Armour: Robe              |     6 |     2 ||     8
  Dodge: Dodged            |    31 |    14 ||    45

Table legend: (Time is in decaauts)
 A = Elapsed time spent in this place.
 B = Non-inter-level travel time spent in this place.
 C = Inter-level travel time spent in this place.
 D = Time resting spent in this place.
 E = Time spent auto-exploring this place.
 F = Levels seen in this place.
 G = Mean time per level.
                   A        B        C        D        E       F      G
               +--------+--------+--------+--------+--------+-----+--------+
         Total |   2887 |   2793 |     94 |     90 |   2277 |   3 |  962.3 |
       Dungeon |   2887 |   2793 |     94 |     90 |   2277 |   3 |  962.3 |
               +--------+--------+--------+--------+--------+-----+--------+

Top non-repeatable levels by time:
     D:1: 1366 daAuts
     D:2: 851 daAuts
     D:3: 670 daAuts
